PAAA
TORTOLITA DRUMMERS @ BLOOMINGTON LONGNECKS
07/30/2023
 
TOP OF THE 1ST
Tortolita Drummers batting - Pitching for Bloomington Longnecks : LHP Mathies Pilegaard
Pitching: LHP Mathies Pilegaard
Batting: SHB Will Brock 0-0: Called Strike
0-1: Ball
1-1: Swinging Strike
1-2: Ball
2-2: Strikes out swinging
Batting: RHB Harrison Blackford 0-0: Swinging Strike
0-1: Ball
1-1: Foul Ball, location: 2F
1-2: Ball
2-2: Ball
3-2: Fly out, F8 (Flyball, 8LM)
Batting: LHB Evan Nelson 0-0: Ball
1-0: Called Strike
1-1: Ball
2-1: Ground out 5-3 (Groundball, 5S)
Top of the 1st over - 0 run(s), 0 hit(s), 0 error(s), 0 left on base; Tortolita 0 - Bloomington 0
BOTTOM OF THE 1ST
Bloomington Longnecks batting - Pitching for Tortolita Drummers : LHP David Cole
Pitching: LHP David Cole
Batting: RHB Kyle Bridges 0-0: Called Strike
0-1: Ball
1-1: SINGLE (Line Drive, 9S)
Batting: RHB Luis Mendoza 0-0: Ball
1-0: Ground out 5-3 (Groundball, 56S)
Kyle Bridges to second
Batting: RHB Sergio Cortéz 0-0: Ball
1-0: Ball
2-0: Ball
3-0: Called Strike
3-1: Foul Ball, location: 2F
3-2: Foul Ball, location: 2F
3-2: Foul Ball, location: 2F
3-2: Base on Balls
Batting: RHB Micheal Murdoch 0-0: Called Strike
0-1: Called Strike
0-2: Strikes out swinging
Batting: RHB Jim Unknown 0-0: Ball
1-0: SINGLE (Groundball, 34D)
Kyle Bridges to third
Sergio Cortéz to second
Runner from 3rd tries for Home, SAFE, throw made home
Batting: LHB Ray Anderson 0-0: Called Strike
0-1: Fly out, F7 (Flyball, 7LM)
Bottom of the 1st over - 1 run(s), 2 hit(s), 0 error(s), 2 left on base; Tortolita 0 - Bloomington 1
TOP OF THE 2ND
Tortolita Drummers batting - Pitching for Bloomington Longnecks : LHP Mathies Pilegaard
Batting: LHB Keith Spear 0-0: Fly out, F8 (Flyball, 8RD)
Batting: SHB Dan Godwin 0-0: Fly out, F9 (Line Drive, 9S)
Batting: RHB Jim Harris 0-0: Swinging Strike
0-1: Called Strike
0-2: Foul Ball, location: 2F
0-2: Ball
1-2: Foul Ball, location: 2F
1-2: SINGLE (Line Drive, 56D)
Batting: LHB Adrián Franco 0-0: Ball
Jim Harris is caught stealing 2nd base
Top of the 2nd over - 0 run(s), 1 hit(s), 0 error(s), 0 left on base; Tortolita 0 - Bloomington 1
BOTTOM OF THE 2ND
Bloomington Longnecks batting - Pitching for Tortolita Drummers : LHP David Cole
Batting: LHB Juan Hernández 0-0: Called Strike
0-1: Ball
1-1: Swinging Strike
1-2: Ball
2-2: Ball
3-2: Strikes out swinging
Batting: RHB Nick Simmons 0-0: Called Strike
0-1: Foul Ball, location: 2F
0-2: Ball
1-2: Ball
2-2: Foul Ball, location: 2F
2-2: Ball
3-2: Base on Balls
Batting: RHB Aurelio Vázquez 0-0: Called Strike
0-1: Grounds into double play, 6-4-3 (Groundball, 6)
Bottom of the 2nd over - 0 run(s), 0 hit(s), 0 error(s), 0 left on base; Tortolita 0 - Bloomington 1
TOP OF THE 3RD
Tortolita Drummers batting - Pitching for Bloomington Longnecks : LHP Mathies Pilegaard
Batting: LHB Adrián Franco 0-0: Ground out 4-3 (Groundball, 4)
Batting: RHB Dan Lewis 0-0: Ball
1-0: Ball
2-0: Ball
3-0: Base on Balls
Batting: LHB Gonzalo Féliz 0-0: Ball
Dan Lewis steals 2nd base
1-0: Ground out 6-3 (Groundball, 6)
Dan Lewis to third
Batting: SHB Will Brock 0-0: Ball
1-0: Ball
2-0: Foul Ball, location: 2F
2-1: Foul Ball, location: 2F
2-2: Ground out 6-3 (Groundball, 6)
Top of the 3rd over - 0 run(s), 0 hit(s), 0 error(s), 1 left on base; Tortolita 0 - Bloomington 1
BOTTOM OF THE 3RD
Bloomington Longnecks batting - Pitching for Tortolita Drummers : LHP David Cole
Batting: RHB Kyle Bridges 0-0: Ball
1-0: Ball
2-0: Called Strike
2-1: Foul Ball, location: 2F
2-2: Foul Ball, location: 2F
2-2: Ground out 5-3 (Groundball, 5)
Batting: RHB Luis Mendoza 0-0: Called Strike
0-1: Swinging Strike
0-2: Ground out 5-3 (Groundball, 5S)
Batting: RHB Sergio Cortéz 0-0: Ball
1-0: Ball
2-0: Foul Ball, location: 2F
2-1: Ball
3-1: SINGLE (Groundball, 56)
Batting: RHB Micheal Murdoch 0-0: Ball
1-0: Called Strike
1-1: Fly out, F7 (Line Drive, 7LM)
Bottom of the 3rd over - 0 run(s), 1 hit(s), 0 error(s), 1 left on base; Tortolita 0 - Bloomington 1
TOP OF THE 4TH
Tortolita Drummers batting - Pitching for Bloomington Longnecks : LHP Mathies Pilegaard
Batting: RHB Harrison Blackford 0-0: Ball
1-0: Foul Ball, location: 2F
1-1: SINGLE (Line Drive, 34D)
Batting: LHB Evan Nelson 0-0: Ball
1-0: Ball
2-0: Ball
3-0: Base on Balls
Harrison Blackford to second
Batting: LHB Keith Spear 0-0: Called Strike
0-1: Foul Ball, location: 2F
0-2: SINGLE (Flyball, 7LM)
Harrison Blackford to third
Evan Nelson to second
Batting: SHB Dan Godwin 0-0: Ball
1-0: Swinging Strike
1-1: Fly out, F9 (Flyball, 9S)
Batting: RHB Jim Harris 0-0: Foul Ball, location: 2F
0-1: Swinging Strike
0-2: Foul Ball, location: 2F
0-2: Ball
1-2: Ball
2-2: TRIPLE (Flyball, 9LS)
Harrison Blackford scores
Evan Nelson scores
Keith Spear scores
Batting: LHB Adrián Franco 0-0: Ball
1-0: Called Strike
1-1: Foul Ball, location: 2F
1-2: Ball
2-2: Foul Ball, location: 2F
2-2: Foul Ball, location: 2F
2-2: Reached on error, E5 (Groundball, 5S)
Jim Harris scores
Batting: RHB Dan Lewis 0-0: Ball
1-0: Called Strike
1-1: Ball
2-1: Ball
3-1: Foul Ball, location: 2F
3-2: Fly out, F4 (Popup, 34D)
Batting: LHB Gonzalo Féliz 0-0: Foul Ball, location: 2F
0-1: Ground out 5-3 (Groundball, 5S)
Top of the 4th over - 4 run(s), 3 hit(s), 1 error(s), 1 left on base; Tortolita 4 - Bloomington 1
BOTTOM OF THE 4TH
Bloomington Longnecks batting - Pitching for Tortolita Drummers : LHP David Cole
Batting: RHB Jim Unknown 0-0: Called Strike
0-1: Ball
1-1: Called Strike
1-2: Ground out 5-3 (Groundball, 5)
Batting: LHB Ray Anderson 0-0: Ground out U3 (Groundball, 3)
Batting: LHB Juan Hernández 0-0: Swinging Strike
0-1: Foul Ball, location: 2F
0-2: Ball
1-2: Strikes out swinging
Bottom of the 4th over - 0 run(s), 0 hit(s), 0 error(s), 0 left on base; Tortolita 4 - Bloomington 1
TOP OF THE 5TH
Tortolita Drummers batting - Pitching for Bloomington Longnecks : LHP Mathies Pilegaard
Batting: SHB Will Brock 0-0: Foul Ball, location: 2F
0-1: Ball
1-1: Ball
2-1: Called Strike
2-2: Fly out, F8 (Flyball, 8LM)
Batting: RHB Harrison Blackford 0-0: Foul Ball, location: 2F
0-1: Swinging Strike
0-2: Strikes out looking
Batting: LHB Evan Nelson 0-0: Foul Ball, location: 2F
0-1: Foul Ball, location: 2F
0-2: Strikes out swinging
Top of the 5th over - 0 run(s), 0 hit(s), 0 error(s), 0 left on base; Tortolita 4 - Bloomington 1
BOTTOM OF THE 5TH
Bloomington Longnecks batting - Pitching for Tortolita Drummers : LHP David Cole
Batting: RHB Nick Simmons 0-0: Ball
1-0: Fly out, F7 (Flyball, 7D)
Batting: RHB Aurelio Vázquez 0-0: Called Strike
0-1: Called Strike
0-2: Ball
1-2: Strikes out swinging
Batting: RHB Kyle Bridges 0-0: Called Strike
0-1: Swinging Strike
0-2: Ball
1-2: Foul Ball, location: 2F
1-2: Foul Ball, location: 2F
1-2: Ball
2-2: Ball
3-2: Ground out 6-3 (Groundball, 6)
Bottom of the 5th over - 0 run(s), 0 hit(s), 0 error(s), 0 left on base; Tortolita 4 - Bloomington 1
TOP OF THE 6TH
Tortolita Drummers batting - Pitching for Bloomington Longnecks : LHP Mathies Pilegaard
Batting: LHB Keith Spear 0-0: Ground out U3 (Groundball, 3S)
Batting: SHB Dan Godwin 0-0: Swinging Strike
0-1: Called Strike
0-2: Foul Ball, location: 2F
0-2: SINGLE (Groundball, 4M)
Pitching: RHP Dustin Richmond
Batting: RHB Jim Harris 0-0: Called Strike
0-1: Called Strike
0-2: Ground out 5-3 (Groundball, 5S)
Dan Godwin to second
Batting: LHB Adrián Franco 0-0: Called Strike
0-1: Ball
1-1: Swinging Strike
1-2: Ball
2-2: Strikes out swinging
Top of the 6th over - 0 run(s), 1 hit(s), 0 error(s), 1 left on base; Tortolita 4 - Bloomington 1
BOTTOM OF THE 6TH
Bloomington Longnecks batting - Pitching for Tortolita Drummers : LHP David Cole
Batting: RHB Luis Mendoza 0-0: Ball
1-0: Ground out 5-3 (Groundball, 56)
Batting: RHB Sergio Cortéz 0-0: Called Strike
0-1: Ball
1-1: Called Strike
1-2: Ball
2-2: Ball
3-2: Strikes out swinging
Batting: RHB Micheal Murdoch 0-0: Ball
1-0: Fly out, F1 (Popup, 15S)
Bottom of the 6th over - 0 run(s), 0 hit(s), 0 error(s), 0 left on base; Tortolita 4 - Bloomington 1
TOP OF THE 7TH
Tortolita Drummers batting - Pitching for Bloomington Longnecks : RHP Dustin Richmond
Batting: RHB Dan Lewis 0-0: Foul Ball, location: 2F
0-1: Ball
1-1: Called Strike
1-2: Strikes out swinging
Batting: LHB Gonzalo Féliz 0-0: Called Strike
0-1: Ball
1-1: Foul Ball, location: 2F
1-2: Strikes out swinging
Batting: SHB Will Brock 0-0: Called Strike
0-1: Swinging Strike
0-2: Foul Ball, location: 2F
0-2: Strikes out swinging
Top of the 7th over - 0 run(s), 0 hit(s), 0 error(s), 0 left on base; Tortolita 4 - Bloomington 1
BOTTOM OF THE 7TH
Bloomington Longnecks batting - Pitching for Tortolita Drummers : LHP David Cole
Batting: RHB Jim Unknown 0-0: Ball
1-0: Ground out 5-3 (Groundball, 56)
Batting: LHB Ray Anderson 0-0: SINGLE (Groundball, 4M)
Batting: LHB Juan Hernández 0-0: Ball
1-0: Called Strike
1-1: Called Strike
1-2: Strikes out swinging
Batting: RHB Nick Simmons 0-0: Foul Ball, location: 2F
0-1: Ball
1-1: Foul Ball, location: 2F
1-2: Fly out, F7 (Line Drive, 7M)
Bottom of the 7th over - 0 run(s), 1 hit(s), 0 error(s), 1 left on base; Tortolita 4 - Bloomington 1
TOP OF THE 8TH
Tortolita Drummers batting - Pitching for Bloomington Longnecks : RHP Dustin Richmond
Batting: RHB Harrison Blackford 0-0: Ball
1-0: Ball
2-0: Ball
3-0: Base on Balls
Batting: LHB Evan Nelson 0-0: Ball
1-0: Foul Ball, location: 2F
1-1: Ball
2-1: Ball
3-1: Base on Balls
Harrison Blackford to second
Batting: LHB Keith Spear 0-0: Ball
1-0: Ball
2-0: Swinging Strike
2-1: Foul Ball, location: 2F
2-2: Foul Ball, location: 2F
2-2: Ball
3-2: Grounds into double play, 4-6-3 (Groundball, 4)
Harrison Blackford to third
Batting: SHB Dan Godwin 0-0: Called Strike
0-1: SINGLE (Groundball, 34S)
Harrison Blackford scores
Batting: RHB Jim Harris 0-0: Foul Ball, location: 2F
0-1: Ball
1-1: Called Strike
1-2: Ball
2-2: Strikes out swinging
Top of the 8th over - 1 run(s), 1 hit(s), 0 error(s), 1 left on base; Tortolita 5 - Bloomington 1
BOTTOM OF THE 8TH
Bloomington Longnecks batting - Pitching for Tortolita Drummers : LHP David Cole
Pitching: RHP Pete Wood
Batting: RHB Aurelio Vázquez 0-0: Ball
1-0: Ball
2-0: Foul Ball, location: 2F
2-1: Foul Ball, location: 2F
2-2: Ball
3-2: Base on Balls
Batting: RHB Kyle Bridges 0-0: Grounds into double play, 6-4-3 (Groundball, 6)
Batting: RHB Luis Mendoza 0-0: Called Strike
0-1: Ball
1-1: Fly out, F9 (Flyball, 9LM)
Bottom of the 8th over - 0 run(s), 0 hit(s), 0 error(s), 0 left on base; Tortolita 5 - Bloomington 1
TOP OF THE 9TH
Tortolita Drummers batting - Pitching for Bloomington Longnecks : RHP Dustin Richmond
Batting: LHB Adrián Franco 0-0: Ball
1-0: Swinging Strike
1-1: Ball
2-1: Swinging Strike
2-2: Ball
3-2: Base on Balls
Batting: RHB Dan Lewis 0-0: Ball
1-0: Bunted foul
1-1: Sac Bunt - play at first, batter OUT! 1-4
Adrián Franco to second
Batting: LHB Gonzalo Féliz 0-0: Called Strike
0-1: Ball
1-1: Foul Ball, location: 2F
1-2: Ball
2-2: Fly out, F8 (Flyball, 8LM)
Batting: SHB Will Brock 0-0: Ball
1-0: Called Strike
1-1: Called Strike
1-2: Ball
Wild Pitch!
Adrián Franco to third
2-2: Foul Ball, location: 2F
2-2: Foul Ball, location: 2F
2-2: Strikes out swinging
Top of the 9th over - 0 run(s), 0 hit(s), 0 error(s), 1 left on base; Tortolita 5 - Bloomington 1
BOTTOM OF THE 9TH
Bloomington Longnecks batting - Pitching for Tortolita Drummers : RHP Pete Wood
Pitching: LHP Jim Unknown
Batting: RHB Sergio Cortéz 0-0: Ball
1-0: Foul Ball, location: 2F
1-1: Ball
2-1: Ground out 4-3 (Groundball, 34)
Batting: RHB Micheal Murdoch 0-0: Called Strike
0-1: Foul Ball, location: 2F
0-2: Ball
1-2: Foul Ball, location: 2F
1-2: Fly out, F7 (Flyball, 78M)
Batting: RHB Jim Unknown 0-0: Called Strike
0-1: Foul Ball, location: 2F
0-2: Fly out, F4 (Popup, 6MD)
Bottom of the 9th over - 0 run(s), 0 hit(s), 0 error(s), 0 left on base; Tortolita 5 - Bloomington 1
This league is powered by Out of the Park Baseball, the baseball management simulation game for PC, Mac and Linux
Friday, July 8th, 2016 - OOTP Baseball 16.9 Build 39